 Dungeon Crawl Stone Soup version 0.20.1-1-g8b1a95d (console) character file.

133 hilaritas the Cutter (level 5, 0/33 HPs)
             Began as a Kobold Berserker on Dec 31, 2017.
             Was a Believer of Trog.
             Slain by a centaur (2 damage)
             ... on level 3 of the Dungeon.
             The game lasted 00:04:50 (1880 turns).

hilaritas the Cutter (Kobold Berserker)             Turns: 1880, Time: 00:04:51

Health: 0/33       AC:  4    Str: 16    XL:     5   Next: 40%
Magic:  5/5        EV: 16    Int:  8    God:    Trog [**....]
Gold:   31         SH:  0    Dex: 19    Spells: 4/4 levels left

rFire    . . .     SeeInvis .   a - +0 short sword
rCold    . . .     Gourm    .   (shield restricted)
rNeg     . . .     Faith    .   b - +0 animal skin
rPois    .         Spirit   .   i - +1 helmet
rElec    .         Reflect  .   (no cloak)
rCorr    .         Harm     .   (no gloves)
MR       .....                  (no boots)
Stlth    ++........             d - amulet of regeneration
Regen    0.6/turn               e - +5 ring of dexterity
MPRegen  0.1/turn               (no ring)

@: no status effects
A: carnivore 3
a: Berserk, Trog's Hand, Burn Spellbooks, Renounce Religion


You were on level 3 of the Dungeon.
You worshipped Trog.
Trog was pleased with you.
You were completely stuffed.

You visited 1 branch of the dungeon, and saw 3 of its levels.

You collected 31 gold pieces.

Inventory:

Hand Weapons
 a - a +0 short sword (weapon)
Armour
 b - a +0 animal skin (worn)
 i - a +1 helmet (worn)
Jewellery
 d - an amulet of regeneration (around neck)
 e - a +5 ring of dexterity (left hand)
Scrolls
 k - a scroll of teleportation
Potions
 g - 2 potions of brilliance
 h - a potion of magic
 j - a potion of flight {unknown}
Comestibles
 c - 2 meat rations
 l - a royal jelly


   Skills:
 + Level 3.9 Fighting
 * Level 6.1 Short Blades
 - Level 1.5 Armour
 + Level 3.0 Dodging
 * Level 2.6 Stealth


You had 4 spell levels left.
You didn't know any spells.

Dungeon Overview and Level Annotations

Branches:
Dungeon (3/15)

Altars:
Okawaru


Innate Abilities, Weirdness & Mutations

You are small and have problems with some larger weapons.
You are carnivorous and can eat meat at any time.


Message History

The centaur is severely wounded.
The centaur hits you. x2
You barely miss the centaur.
The centaur is severely wounded.
The centaur hits you.
You hit the centaur.
The centaur is severely wounded.
The centaur closely misses you.
You barely miss the centaur.
The centaur is severely wounded.
The centaur hits you.
You hit the centaur.
The centaur is almost dead.
The centaur hits you.
You hit the centaur but do no damage.
The centaur is almost dead.
The centaur hits you!
* * * LOW HITPOINT WARNING * * *
The centaur hits you.
You die...

################
#.......$..##...
#....$.....##)#. .####
#..........##[#. .....
#........).†[.#<
.....####.......[..#..##
...............)...#....
.........)....###'##.###
..............'...#...
.......c......#####..#
....##@####### ...# ...
#(# ...# .. #........
#########


You could see a centaur.

Vanquished Creatures
  An orc priest (D:3)
  An orc wizard (D:3)
  An adder (D:2)
  A worm (D:2)
  3 dart slugs
  4 orcs (D:3)
  4 giant cockroaches
  12 goblins
  9 hobgoblins
  2 jackals (D:2)
  2 kobolds
  A ball python (D:2)
  3 bats
  2 frilled lizards (D:2)
  4 rats
50 creatures vanquished.

Notes
Turn   | Place    | Note
-------+----------+-------------------------------------------
     0 | D:1      | hilaritas the Kobold Berserker began the quest for the Orb.
     0 | D:1      | Reached XP level 1. HP: 14/14 MP: 1/1
   126 | D:1      | Reached XP level 2. HP: 11/19 MP: 2/2
   409 | D:1      | Reached XP level 3. HP: 22/23 MP: 3/3
   888 | D:2      | Reached skill level 1 in Stealth
  1029 | D:2      | Found an iron altar of Okawaru.
  1081 | D:2      | Reached skill level 5 in Short Blades
  1085 | D:2      | Reached ** piety under Trog
  1294 | D:2      | Reached XP level 4. HP: 22/29 MP: 4/4
  1775 | D:3      | HP: 2/43 [orc priest/nerve-wracking pain (14)]
  1779 | D:3      | Reached XP level 5. HP: 3/33 MP: 5/5
  1844 | D:3      | Reached skill level 6 in Short Blades
  1854 | D:3      | Noticed a centaur
  1880 | D:3      | HP: 2/33 [centaur (7)]
  1880 | D:3      | Slain by a centaur

Skill      XL: |  1  2  3  4  5 |
---------------+----------------+-----
Stealth        | 1 2 |  2.6
Short Blades   | 5 6 |  6.1
Dodging        | 3 |  3.0
Fighting       | |  3.9
Armour         | |  1.5

Action                   |  1- 3 |  4- 6 || total
-------------------------+-------+-------++-------
Melee: Short sword       |   121 |   115 ||   236
Invok: Berserk           |     1 |     1 ||     2
  Use: Scroll            |     8 |     2 ||    10
 Stab: Sleeping          |     3 |     1 ||     4
  Eat: Chunk             |    10 |     3 ||    13
Armor: Animal skin       |    31 |    13 ||    44
Dodge: Dodged            |    92 |    67 ||   159
